 Dungeon Crawl Stone Soup version 0.29.0-4-gdea44cf6ec (webtiles) character file.

Game seed: 4241604362973075875

34 qw the Chopper (level 3, 0/21 HPs)
             Began as a Tengu Warper on Aug 28, 2022.
             Slain by an orc priest
             ... wielding a +0 short sword
              (3 damage)
             ... on level 2 of the Dungeon.
             The game lasted 00:00:07 (1095 turns).

qw the Chopper (Tengu Warper)                       Turns: 1095, Time: 00:00:07

Health: 0/21       AC:  6    Str: 13    XL:     3   Next: 31%
Magic:  7/7        EV:  9    Int: 13    God:
Gold:   96         SH:  0    Dex: 13    Spells: 6/6 levels left

rFire   . . .      SeeInvis .   Y - +0 hand axe
rCold   . . .      Faith    .   (no shield)
rNeg    . . .      Spirit   .   k - +0 scale mail
rPois   .          Reflect  .   (helmet restricted)
rElec   .          Harm     .   (no cloak)
rCorr   .          Rampage  .   (no gloves)
Will    .....                   (boots unavailable)
Stlth   ..........              (no amulet)
HPRegen 0.07/turn               (no ring)
MPRegen 0.10/turn               (no ring)

@: lethally poisoned (0 -> -3)
A: beak, talons 3
a: no special abilities


You were on level 2 of the Dungeon.
You visited 1 branch of the dungeon, and saw 2 of its levels.

You collected 96 gold pieces.


Innate Abilities, Weirdness & Mutations

You have a beak for a mouth.
You have claws for feet.


   Skills:
 - Level 2.0 Fighting
 + Level 4.0 Axes
 - Level 1.0 Throwing
 - Level 1.1 Armour
 - Level 2.1 Dodging
 - Level 2.0 Spellcasting
 - Level 2.4 Translocations


You had 6 spell levels left.
You didn't know any spells.
Your spell library contained the following spells:

 Spells                   Type           Power      Damage    Failure   Level
 Blink                    Tloc           14%        N/A       56%         2
 Gell's Gravitas          Tloc           7%         N/A       80%         3
 Lesser Beckoning         Tloc           7%         N/A       80%         3
 Teleport Other           Tloc           7%         N/A       80%         3
 Manifold Assault         Tloc           7%         N/A       100%        5

Inventory:

Hand Weapons
 a - a +0 whip
 Y - a +0 hand axe (weapon)
Armour
 k - a +0 scale mail (worn)
Potions
 e - a potion of might
 f - a potion of resistance
 i - a potion of haste {unknown}

Dungeon Overview and Level Annotations

Branches:
Dungeon (2/15)

Altars:


Message History

An orc comes into view.
It is wielding a +1 hand axe of venom and wearing a +2 scale mail of fire resistance.
The orc shouts!
The orc throws a boomerang.
The boomerang hits you.
Enter note: The orc throws a boomerang.
The boomerang hits you but does no damage.
The orc throws a boomerang.
The boomerang barely misses you.
An orc comes into view. It is wielding a +0 dagger.
An orc priest comes into view. It is wielding a +0 short sword.
1085 ||| Stepping ~*~*~tactically~*~*~ (stealth).
An orc is nearby!
You hit the orc. You claw the orc.
You kill the orc!
The orc throws a boomerang.
The boomerang barely misses you.
The orc priest shouts!
Things that are here:
a +0 dagger; an orc corpse You hit the orc but do no damage.
Your kick misses the orc. You peck the orc, but do no damage.
The orc hits you with a +1 hand axe of venom.
You are poisoned.
You hit the orc priest but do no damage.
You peck the orc priest.
The orc priest is moderately wounded.
You hit the orc.
You feel very sick.
The orc priest hits you with a +0 short sword.
An orc comes into view. It is wielding a +0 hand axe.
The orc hits you with a +1 hand axe of venom.
You closely miss the orc priest.
The orc priest is moderately wounded.
You hit the orc but do no damage.
You feel sick. The orc priest barely misses you.
The orc hits you but does no damage.
You hit the orc priest.
The orc priest is heavily wounded.
You barely miss the orc.
You feel sick.
The orc priest hits you with a +0 short sword.
You die...

#..####...... .#
#..# ###.#.. .#
#..# #.#.. .#
#..### #.#..
o#####. #....#
##### ......
#...## .o.#
#...#########
#o####.#..........
#@o....###########
#.............
#.############ #.#
#.# #.# ... #.#
..#


You could see an orc priest and 2 orcs.

Vanquished Creatures
  An adder (D:2)
  A dart slug (D:2)
  An orc (D:2)
  2 bats (D:1)
  4 endoplasms
  A goblin (D:1)
  5 hobgoblins
  A ball python (D:1)
  4 kobolds
  A rat (D:1)
21 creatures vanquished.

Notes
Turn   | Place    | Note
-------+----------+-------------------------------------------
     0 | D:1      | qw the Tengu Warper began the quest for the Orb.
     0 | D:1      | Reached XP level 1. HP: 12/12 MP: 4/4
     0 | D:1      | 0 ||| qw: Version: 0.1-a-89-g26bdef1
     0 | D:1      | 0 ||| qw: Game counter: 1381
     0 | D:1      | 0 ||| qw: Always use a shield: true
     0 | D:1      | 0 ||| qw: God list: Okawaru
     0 | D:1      | 0 ||| qw: Allow faded altars: false
     0 | D:1      | 0 ||| qw: Do Orc after D:15 true
     0 | D:1      | 0 ||| qw: Do second Lair branch before Depths: true
     0 | D:1      | 0 ||| qw: Lair rune preference: random
     0 | D:1      | 0 ||| qw: Plans: Normal
     0 | D:1      | 0 ||| PLANNING D:1-11
    56 | D:1      | 56 ||| Stepping ~*~*~tactically~*~*~ (stealth).
   201 | D:1      | 201 ||| Stepping ~*~*~tactically~*~*~ (stealth).
   210 | D:1      | Reached skill level 3 in Axes
   210 | D:1      | Reached XP level 2. HP: 17/17 MP: 6/6
   307 | D:1      | 307 ||| Stepping ~*~*~tactically~*~*~ (stealth).
   311 | D:1      | 311 ||| Stepping ~*~*~tactically~*~*~ (stealth).
   313 | D:1      | 313 ||| Stepping ~*~*~tactically~*~*~ (stealth).
   744 | D:1      | 744 ||| DROPPING +1 robe of the Archmagi.
   745 | D:1      | 745 ||| UPGRADING to +0 scale mail.
   755 | D:1      | 755 ||| DROPPING +0 leather armour.
   756 | D:1      | 756 ||| READING scroll labelled BIAXTE RUIS.
   757 | D:1      | 757 ||| READING scroll labelled HEICUK PIONGI.
   758 | D:1      | 758 ||| DRINKING 2 bubbling white potions.
   759 | D:1      | 759 ||| DRINKING 2 fuming cyan potions.
   760 | D:1      | 760 ||| DROPPING scroll of blinking.
   842 | D:2      | Reached XP level 3. HP: 17/21 MP: 7/7
   900 | D:2      | 900 ||| DROPPING +0 club.
   933 | D:2      | Reached skill level 4 in Axes
  1085 | D:2      | 1085 ||| Stepping ~*~*~tactically~*~*~ (stealth).
  1094 | D:2      | HP: 5/21 [poisoned by an orc]
  1095 | D:2      | Slain by an orc priest

Levels and vault maps discovered:
D:1:      sevenhm_arrival_forest_fort_small_1, layout_rooms
D:2:      layout_basic

Skill      XL: |  1  2  3 |
---------------+----------+-----
Axes           | 3 4 |  4.0
Fighting       | |  2.0
Throwing       | |  1.0
Armour         | |  1.1
Dodging        | |  2.1
Spellcasting   | |  2.0
Translocations | |  2.4

Action                   || total
-------------------------++-------
Melee: Hand axe          ||    54
       Kick              ||     9
       Peck              ||     7
Throw: Boomerang         ||     7
  Use: Scroll            ||     2
       Potion            ||     2
Armor: Leather armour    ||    11
       Scale mail        ||    11
Dodge: Dodged            ||    23

Table legend:
 A = Non-vault XP
 B = Vault XP
 C = Vault XP percentage of total XP
 D = Non-vault monster count
 E = Vault monster count
 F = Vault count percentage of total count
                 A         B        C        D         E       F
            +---------+---------+-------+---------+---------+-------
      Total |      49 |       0 |   0.0 |      21 |       0 |   0.0
            +---------+---------+-------+---------+---------+-------
        D:1 |      24 |       0 |   0.0 |      15 |       0 |   0.0
        D:2 |      25 |       0 |   0.0 |       6 |       0 |   0.0
            +---------+---------+-------+---------+---------+-------
